 Dungeon Crawl Stone Soup version 0.18-a0-49-gd105b5a (webtiles) character file.

1472 ReteAZ the Grappler (level 8, -1/79 HPs)
             Began as a Troll Monk on Nov 7, 2015.
             Slain by an orc warrior
             ... wielding a +0 dire flail
              (19 damage)
             ... on level 6 of the Dungeon.
             The game lasted 00:10:14 (4637 turns).

ReteAZ the Grappler (Troll Monk)                    Turns: 4637, Time: 00:10:14

Health: -1/79      AC:  6    Str: 20    XL:     8   Next: 49%
Magic:  7/7        EV: 12    Int:  6    God:
Gold:   438        SH:  0    Dex: 14    Spells: 0 memorised, 7 levels left

rFire  + . .     SeeInvis .       - Unarmed
rCold  + . .     Clarity  .     a - +0 robe
rNeg   . . .     SustAt   .     (no shield)
rPois  +         Gourm    +     (helmet restricted)
rElec  +         Spirit   .     v - +0 cloak
rCorr  +         Warding  .     (gloves unavailable)
rMut   .         Stasis   .     (boots unavailable)
MR     .....                    (no amulet)
Stlth  +.........               (no ring)
                                (no ring)

@: confused, resistant, not resistant to hostile enchantments, very unstealthy
A: unfitting armour, claws 3, fast metabolism 3, gourmand, regeneration 2,
shaggy fur 1, tough skin 2
a: no special abilities


You were on level 6 of the Dungeon.
You were full.

You visited 2 branches of the dungeon, and saw 7 of its levels.

You collected 438 gold pieces.

Inventory:

Missiles
 c - 130 stones (quivered)
Armour
 a - a +0 robe (worn)
 v - a +0 cloak (worn)
Jewellery
 l - a cursed amulet of inaccuracy {unknown}
 w - an uncursed ring of protection from fire {unknown}
Wands
 s - a wand of slowing (26)
 u - a wand of random effects (29)
Scrolls
 d - a scroll of magic mapping
 e - 2 scrolls of remove curse {unknown}
 f - 2 scrolls of enchant weapon {unknown}
 g - 8 scrolls of identify {unknown}
 h - a scroll of blinking {unknown}
 k - 4 scrolls of amnesia {unknown}
 x - a scroll of recharging {unknown}
 y - a scroll of noise {unknown}
 z - 4 scrolls of enchant armour {unknown}
 B - a scroll of teleportation {unknown}
Potions
 n - a potion of resistance
 o - a potion of magic
 p - 3 potions of brilliance
 q - a potion of ambrosia
 t - a potion of poison
 A - a potion of cure mutation {unknown}
 D - a potion of lignification {unknown}
 E - a potion of haste {unknown}
Comestibles
 b - 4 bread rations {@e1}
 i - 4 meat rations {@e2}
 j - 4 beef jerkies
 m - 5 fruits


   Skills:
 + Level 4.7 Fighting
 + Level 4.7 Dodging
 - Level 1.1 Stealth
 - Level 9.0 Unarmed Combat


You had 7 spell levels left.
You didn't know any spells.

Dungeon Overview and Level Annotations

Branches:
Dungeon (6/15)             Temple (1/1) D:4

Altars:
Ashenzari
Cheibriados
Dithmenos
Elyvilon
Fedhas
Gozag
Kikubaaqudgha
Makhleb
Nemelex Xobeh
Okawaru
Qazlal
Ru
Sif Muna
Trog
Vehumet
Xom
Yredelemnul
Zin
The Shining One


Innate Abilities, Weirdness & Mutations

You are too large for most types of armour.
You have claws for hands.
Your metabolism is lightning-fast.
You like to eat raw meat.
You heal very quickly.
You are covered in fur (AC +1).
You have very tough skin (AC +2).


Message History

You feel very sick.
Drink which item? (? for menu, Esc to quit)
You can't drink that!
Drink which item? (? for menu, Esc to quit)
You feel better.
The orc warrior hits you but does no damage.
Drink which item? (? for menu, Esc to quit)
It was a potion of magic.
Magic courses through your body. The orc warrior closely misses you.
Drink which item? (? for menu, Esc to quit)
It was a potion of ambrosia.
You are confused.
You feel invigorated.
The orc warrior hits you with a dire flail.
* * * LOW HITPOINT WARNING * * *
Drink which item? (? for menu, Esc to quit)
It was a potion of poison.
You feel slightly nauseous.
The orc warrior yells loudly.
The orc warrior hits you with a dire flail!!
You die...

#.# ###+#### ####### #[.... #.#
#.[....#####.....## #..... ####.#
#......#....#####.###..... .....#
#......#...##...##.##..... .....#
#..........#.).$.#........
....<###..........#..$..#........
...........#..#'#.#!o[..#........
..........##.##.###o...##........
..........##.#..@oe#####.........
####......##.##.###'##...........
**#......##..#####..##..........
*<#......###..).#....#.#########
*,#......######.'....#.#
*,#......#....<.##..##.#
*,*,,,,,,#.###...####..#
*,*,,,,,,*,* #........##
*,*,,,,,,#.# ##...#####


You could see 2 orc warriors and a deep elf mage.

Vanquished Creatures
  2 ogres
  A sky beast (D:6)
  A centaur (D:5)
  A necrophage (D:6)
  2 giant frogs (D:6)
  2 scorpions (D:6)
  A water moccasin skeleton (D:4)
  A centaur zombie (D:6)
  A crimson imp (D:5)
  A giant frog zombie (D:5)
  A gnoll shaman (D:6)
  A jelly (D:6)
  Crazy Yiuf (D:3)
  An orc priest (D:5)
  2 hounds
  3 orc wizards
  Natasha (thrice) (D:3)
  A giant frog skeleton (D:6)
  An iguana (D:4)
  3 worker ants
  2 hound skeletons (D:6)
  5 adders
  6 gnolls (D:6)
  3 oozes
  An adder skeleton (D:4)
  4 worms
  2 giant geckos
  13 orcs
  2 ball pythons
  4 bats
  3 giant cockroaches
  10 hobgoblins
  7 jackals
  2 giant newts
  14 goblins
  10 kobolds
  A quokka (D:2)
  A quokka skeleton (D:4)
  6 rats
  A butterfly (D:4)
127 creatures vanquished.

Notes
Turn   | Place    | Note
--------------------------------------------------------------
     0 | D:1      | ReteAZ the Troll Monk began the quest for the Orb.
     0 | D:1      | Reached XP level 1. HP: 22/22 MP: 0/0
   172 | D:1      | Reached XP level 2. HP: 29/29 MP: 1/1
   585 | D:2      | Reached skill level 5 in Unarmed Combat
   585 | D:2      | Reached XP level 3. HP: 36/36 MP: 2/2
  1145 | D:2      | Reached XP level 4. HP: 44/44 MP: 3/3
  1266 | D:3      | Found a burning altar of Makhleb.
  1336 | D:3      | Noticed Natasha
  1345 | D:3      | Killed Natasha
  1345 | D:3      | Reached skill level 6 in Unarmed Combat
  1415 | D:3      | Noticed Natasha
  1425 | D:3      | Killed Natasha
  1439 | D:3      | Noticed Natasha
  1448 | D:3      | Killed Natasha
  1545 | D:3      | Noticed Crazy Yiuf
  1551 | D:3      | Killed Crazy Yiuf
  1551 | D:3      | Reached XP level 5. HP: 36/50 MP: 4/4
  1925 | D:4      | Found a staircase to the Ecumenical Temple.
  1931 | Temple   | Entered the Ecumenical Temple
  2354 | D:4      | Reached skill level 7 in Unarmed Combat
  2482 | D:4      | Reached XP level 6. HP: 55/59 MP: 5/5
  2904 | D:4      | Found a radiant altar of Vehumet.
  2964 | D:5      | Entered Level 5 of the Dungeon
  2970 | D:5      | Reached skill level 8 in Unarmed Combat
  3205 | D:5      | Found a white marble altar of Elyvilon.
  3213 | D:5      | Found a blossoming altar of Fedhas.
  3347 | D:5      | Reached XP level 7. HP: 39/66 MP: 6/6
  3651 | D:5      | Found a glowing silver altar of Zin.
  3651 | D:5      | Found a shimmering altar of Xom.
  3652 | D:5      | Noticed an angel
  3953 | D:6      | Reached skill level 9 in Unarmed Combat
  4053 | D:6      | Reached XP level 8. HP: 63/77 MP: 7/7
  4633 | D:6      | HP: 2/78 [poisoned by an orc warrior]
  4637 | D:6      | Slain by an orc warrior

Vault maps used:
D:1:      scummos_arrival_star, bh_walls_and_bars
D:2:      first_bread, hangedman_abyss_or_decor_stabs
D:3:      bloody_makhleb, uniq_crazy_yiuf_cottage, uniq_natasha
D:4:      corexii_shack_village, marbit_many_paths,
          minmay_temple_entry_butterflies, corexii_checkpoint_a,
          nrook_loot_triangle, corexii_leaking_fountain
D:5:      grunt_temple_overflow_order_and_chaos_1, grunt_temple_overflow_open,
          kennysheep_potato
D:6:      minmay_joined_circles
Temple:   hc_temple_tempest_star

Action                   |  1- 3 |  4- 6 |  7- 9 || total
-------------------------+-------+-------+-------++-------
Melee: Unarmed           |    99 |   123 |   130 ||   352
Throw: Stone             |    12 |     3 |     8 ||    23
  Use: Potion            |       |     2 |     5 ||     7
       Scroll            |       |       |     1 ||     1
 Stab: Sleeping          |     2 |     4 |       ||     6
  Eat: Chunk             |    13 |    20 |    12 ||    45
